 Dungeon Crawl Stone Soup version 0.27-a0-1177-g245c70e1c0 (webtiles) character file.

Game seed: 4149027015366840934

2691 Grimdewalt the Ducker (level 9, -1/66 HPs)
             Began as a Djinni Warper on May 16, 2021.
             Was an Initiate of Makhleb.
             Slain by a killer bee (7 damage)
             ... on level 8 of the Dungeon.
             The game lasted 00:32:46 (15164 turns).

Grimdewalt the Ducker (Djinni Warper)              Turns: 15164, Time: 00:32:47

Health: -1/66      AC:  5    Str: 13    XL:     9   Next: 96%
Gold:   267        EV: 15    Int: 15    God:    Makhleb [......] SH:  0 Dex: 19

rFire    + + .     SeeInvis .   a - +0 short sword
rCold    x . .     Faith    .   (no shield)
rNeg     . . .     Spirit   .   A - +0 troll leather armour
rPois    ∞         Reflect  .   (no helmet)
rElec    .         Harm     .   (no cloak)
rCorr    .         Rampage  .   (no gloves)
Will     .....                  (boots unavailable)
Stlth    +.........             (no amulet)
HPRegen  1.21/turn              q - +6 ring of dexterity
MPRegen  0.00/turn              (no ring)

@: swift, flying, quick
A: sickness immunity, fire resistance 2, cold vulnerability 1, float, innate
caster, hp casting, extra vitality 1
a: Renounce Religion


You were on level 8 of the Dungeon.
You worshipped Makhleb.
Makhleb was noncommittal.
You visited 2 branches of the dungeon, and saw 9 of its levels.

You collected 267 gold pieces.

Inventory:

Hand Weapons
 a - a +0 short sword (weapon)
Missiles
 c - 2 throwing nets
 e - 9 boomerangs of dispersal (quivered)
 B - 5 boomerangs
 C - 3 silver boomerangs
Armour
 b - a +0 leather armour
 p - a +0 scale mail
 A - a +0 troll leather armour (worn)
Jewellery
 q - a +6 ring of dexterity (left hand)
 r - a ring of flight
 w - a ring of magical power
Wands
 o - a wand of flame (44)
 y - a wand of mindburst (7)
Scrolls
 d - a scroll of blinking
 h - 3 scrolls of amnesia {unknown}
 i - 5 scrolls of teleportation {unknown}
 j - 3 scrolls of immolation {unknown}
 k - a scroll of magic mapping {unknown}
 l - 2 scrolls of enchant weapon {unknown}
 m - 2 scrolls of noise {unknown}
 n - a scroll of vulnerability {unknown}
 s - 2 scrolls of brand weapon {unknown}
 t - 2 scrolls of identify {unknown}
 z - 2 scrolls of enchant armour {unknown}
Potions
 g - 2 potions of degeneration {unknown}
 u - a potion of berserk rage {unknown}
 v - a potion of invisibility {unknown}
 x - a potion of curing {unknown}
 D - a potion of flight {unknown}
 E - a potion of might {unknown}


   Skills:
 + Level 6.0 Fighting
 + Level 5.5 Short Blades
 - Level 0.7 Throwing
 + Level 5.7 Armour
 + Level 6.6 Dodging
 + Level 5.0 Spellcasting


You couldn't memorise any spells.
You knew the following spells:

 Your Spells              Type           Power      Damage    Failure   Level
a - Blink                 Tloc           N/A        N/A       3%          2
b - Lesser Beckoning      Tloc           9%         N/A       8%          3
c - Gell's Gravitas       Tloc           9%         N/A       8%          3
d - Teleport Other        Tloc           18%        N/A       8%          3
e - Manifold Assault      Tloc           18%        N/A       56%         5
f - Summon Small Mammal   Summ           72%        N/A       2%          1
g - Searing Ray           Conj           36%        3d4       3%          2
h - Portal Projectile     Hex/Tloc       36%        N/A       8%          3
i - Swiftness             Air            18%        N/A       8%          3
Your spell library was empty.

Dungeon Overview and Level Annotations

Branches:
Dungeon (8/15)             Temple (1/1) D:7
   Lair: D:8-11

Altars:
Ashenzari
Cheibriados
Dithmenos
Elyvilon
Fedhas
Gozag
Hepliaklqana
Kikubaaqudgha
Makhleb
Nemelex Xobeh
Okawaru
Qazlal
Ru
Sif Muna
Trog
Uskayaw
Vehumet
Wu Jian
Yredelemnul
Zin
The Shining One
Lugonu

Shops:
D:4 (

Annotations:
D:2 1 runed translucent door, Grinder
D:3 Sigmund


Innate Abilities, Weirdness & Mutations

You are immune to sickness and miasma.
You are immune to poison.
Your flesh is very heat resistant. (rF++)
You are vulnerable to cold. (rC-)
You float through the air rather than walking.
You learn spells naturally, not from books.
Your magical power is your life essence.
You have superior vitality. (+4 HP)


Message History

The killer bee misses you. The killer bee closely misses you.
The killer bee misses you. The killer bee stings you.
* * * LOW HITPOINT WARNING * * *
The killer bee stings you but does no damage.
The killer bee barely misses you.
The killer bee completely misses you. x2
The killer bee stings you but does no damage.
Casting: Blink (safe; 3% risk of failure)
Confirm with . or Enter, or press ? or * to list all spells.
Aiming: Searing Ray (safe; 3% risk of failure)
Press: ? - help, Shift-Dir - straight line, p - killer bee The searing ray hits the killer bee.
You kill the killer bee!
Makhleb accepts your kill.
The searing ray hits the killer bee.
The killer bee is heavily wounded. (Press w to maintain the ray.)
* * * LOW HITPOINT WARNING * * *
The killer bee stings you.
* * * LOW HITPOINT WARNING * * *
The killer bee closely misses you. The killer bee stings you.
* * * LOW HITPOINT WARNING * * *
You feel much better. The killer bee stings you. The killer bee stings you!
* * * LOW HITPOINT WARNING * * *
The killer bee closely misses you. The killer bee misses you.
Casting: Searing Ray (safe; 3% risk of failure)
Confirm with . or Enter, or press ? or * to list all spells.
You feel quick.
* * * LOW HITPOINT WARNING * * *
The killer bee completely misses you. The killer bee misses you. x2
The killer bee barely misses you. The killer bee stings you.
* * * LOW HITPOINT WARNING * * *
The orc priest mumbles some strange prayers to Beogh against you.
Beogh smites you!
* * * LOW HITPOINT WARNING * * *
The killer bee misses you. x2
The orc priest miscasts a cantrip.
The killer bee stings you.
* * * LOW HITPOINT WARNING * * *
The killer bee stings you.
* * * LOW HITPOINT WARNING * * *
The killer bee closely misses you. The killer bee misses you.
The killer bee stings you but does no damage.
There is a stone staircase leading up here.
The killer bee stings you but does no damage.
The killer bee stings you!
You die...

#..##
#########
##o.###
........##
##o..#
#..#####..###
##..#######..#
##....
#...........#
##....#
#..........#
##....##
#.........##
##...#..#
######yy..#
##..####..
#.@..## ##.###
##.
##.##.###.##
## #.##..#.##
#####
#.###..##
##.... #.#
#..# ##.##..
#.###.##
#..####
#.....#
#..###.
#....##
##..... ####.#
#...##


You could see 2 killer bees, an orc priest and an orc.

Vanquished Creatures
  A troll (D:6)
  A steam dragon (D:6)
  An ice beast (D:6)
  An orc warrior (D:7)
  5 necrophages (D:6)
  A centaur (D:6)
  An ogre (D:5)
  A phantom (D:7)
  3 wyvern zombies
  A water moccasin zombie (D:6)
  A water moccasin skeleton (D:5)
  5 killer bees
  2 wights (D:6)
  A human zombie (D:6)
  2 centaur zombies
  3 jellies
  3 hounds
  An orc priest (D:6)
  A gnoll shaman (D:7)
  2 bullfrog skeletons
  5 orc wizards
  Terence (D:2)
  A hound skeleton (D:4)
  2 mummies (D:6)
  A howler monkey zombie (D:6)
  A howler monkey skeleton (D:5)
  8 gnolls (D:7)
  6 adders
  2 worms
  16 orcs
  5 endoplasms
  2 giant cockroaches
  2 goblins
  6 hobgoblins
  8 jackals
  4 quokkas
  A ball python (D:4)
  6 bats
  5 kobolds
  4 rats
123 creatures vanquished.

Vanquished Creatures (collateral kills)
  A necrophage (D:6)
  A centaur zombie (D:3)
  An orc (D:5)
3 creatures vanquished.

Vanquished Creatures (others)
  2 fungi (D:2)
  6 plants (D:2)
8 creatures vanquished.

Grand Total: 134 creatures vanquished

Notes
Turn   | Place    | Note
-------+----------+-------------------------------------------
     0 | D:1      | Grimdewalt the Djinni Warper began the quest for the Orb.
     0 | D:1      | Reached XP level 1. HP: 18/18 MP: 0/0
   236 | D:1      | Reached XP level 2. HP: 15/23 MP: 0/0
  1358 | D:1      | Reached XP level 3. HP: 28/28 MP: 0/0
  1358 | D:1      | Learned a level 1 spell: Summon Small Mammal
  1760 | D:2      | Noticed Terence
  2029 | D:2      | Found a faded altar of an unknown god.
  2048 | D:2      | Found a faded altar of an unknown god.
  2283 | D:2      | Found a sparkling altar of Nemelex Xobeh.
  3033 | D:2      | Reached XP level 4. HP: 34/34 MP: 0/0
  3636 | D:3      | Noticed Sigmund
  3944 | D:3      | Noticed an orc warrior
  4323 | D:2      | Found a runed translucent door.
  4346 | D:2      | Killed Terence
  4881 | D:4      | Reached XP level 5. HP: 13/40 MP: 0/0
  4881 | D:4      | Learned a level 2 spell: Searing Ray
  5270 | D:4      | Found Gyokul's Antique Weapon Shop.
  5587 | D:4      | Found a bloodstained altar of Trog.
  5614 | D:4      | Noticed a phantom
  5695 | D:3      | Noticed Grinder
  5696 | D:3      | Paralysed by Grinder for 2 turns
  5851 | D:3      | Paralysed by Grinder for 7 turns
  5866 | D:3      | Paralysed by Grinder for 6 turns
  6111 | D:3      | Noticed an ice beast
  6607 | D:3      | HP: 1/40 [something (7)]
  6646 | D:3      | HP: 2/40 [Sigmund/magic dart (5)]
  7556 | D:4      | Reached XP level 6. HP: 12/46 MP: 0/0
  7964 | D:5      | Entered Level 5 of the Dungeon
  8160 | D:5      | Noticed an ogre
  8214 | D:5      | Found a glowing golden altar of the Shining One.
  8216 | D:5      | Found a white marble altar of Elyvilon.
  8255 | D:5      | Noticed a necrophage
  9109 | D:5      | Found a glowing silver altar of Zin.
  9357 | D:5      | Found a hide-covered altar of Uskayaw.
  9891 | D:5      | Reached XP level 7. HP: 44/50 MP: 0/0
  9891 | D:5      | Learned a level 3 spell: Portal Projectile
 10314 | D:6      | Noticed a steam dragon
 10353 | D:6      | HP: 2/51 [wyvern zombie (9)]
 10650 | D:6      | Found a stormy altar of Qazlal.
 10650 | D:6      | Found a blossoming altar of Fedhas.
 10898 | D:6      | Reached XP level 8. HP: 39/58 MP: 0/0
 11572 | D:6      | Reached skill level 5 in Dodging
 11749 | D:6      | Noticed a troll
 12682 | D:5      | Reached skill level 5 in Fighting
 12682 | D:5      | Reached XP level 9. HP: 59/65 MP: 0/0
 12682 | D:5      | Learned a level 3 spell: Swiftness
 13281 | D:6      | Reached skill level 5 in Armour
 13435 | D:6      | Killed a troll
 13436 | D:6      | Reached skill level 5 in Short Blades
 14192 | D:7      | Found a staircase to the Ecumenical Temple.
 14197 | Temple   | Entered the Ecumenical Temple
 14228 | Temple   | Became a worshipper of Makhleb the Destroyer
 14309 | D:7      | Found a shadowy altar of Dithmenos.
 14927 | D:8      | Found an ornate altar of the Wu Jian Council.
 14927 | D:8      | Found a sacrificial altar of Ru.
 14928 | D:8      | Found a broken altar of Ashenzari.
 14935 | D:8      | Found an iron altar of Okawaru.
 14936 | D:8      | Found a basalt altar of Yredelemnul.
 14946 | D:8      | Reached skill level 5 in Spellcasting
 15161 | D:8      | HP: 3/66 [killer bee (1)]
 15164 | D:8      | Slain by a killer bee

Illustrated notes

Levels and vault maps discovered:
D:1:      lightli_arrival_windingriver, layout_basic
D:2:      layout_loops_ring, serial_forest, infiniplex_forest_fountain,
          infiniplex_forest_clump_diagonal, infiniplex_forest_clump_medium,
          infiniplex_forest_split, infiniplex_forest_split,
          infiniplex_forest_clump_small, basic_altar,
          hellmonk_ecumenical_altar_the_god_not_taken, uniq_crazy_yiuf_cottage,
          uniq_terence
D:3:      layout_loops_ring, uniq_grinder, uniq_sigmund
D:4:      layout_basic, bloody_trog, serial_shops, nicolae_shop_waterfront
D:5:      layout_layer_cave, old_standard_altar, overflow_temple_1_default,
          nicolae_overflow_hidden_temple, wad_floor_pattern_untrapped
D:6:      layout_basic, lemuel_mausoleum_altar_kikubaaqudgha,
          grunt_temple_overflow_forces_of_nature, minmay_misc_feat_more_columns
D:7:      layout_basic, nicolae_dithmenos_through_a_glass_darkly,
          minmay_temple_entry_glassed_door
D:8:      layout_layer_cave, grunt_temple_overflow_open, enter_bailey_2
Temple:   corrupted_temple

Skill      XL: |  1  2  3  4  5  6  7  8  9 |
---------------+----------------------------+-----
Short Blades   | 2 3 4 5 |  5.5
Armour         | 2 3 4 5 |  5.7
Dodging        | 3 4 5 6 |  6.6
Fighting       | 3 4 5 6 |  6.0
Spellcasting   | 3 4 5 |  5.0
Throwing       | |  0.7

Action                   |  1- 3 |  4- 6 |  7- 9 || total
-------------------------+-------+-------+-------++-------
Melee: Short sword       |   136 |   231 |    22 ||   389
 Cast: Summon Small Mamm |    11 |    28 |     7 ||    46
       Blink             |       |    11 |    12 ||    23
       Searing Ray       |       |     5 |   217 ||   222
       Swiftness         |       |       |     1 ||     1
  Use: Potion            |       |       |     4 ||     4
 Stab: Sleeping          |     1 |       |       ||     1
Armor: Leather armour    |    39 |    68 |    25 ||   132
       Troll leather arm |       |       |    17 ||    17
Dodge: Dodged            |   104 |   161 |   167 ||   432

Table legend: (Time is in decaauts)
 A = Elapsed time spent in this place.
 B = Non-inter-level travel time spent in this place.
 C = Inter-level travel time spent in this place.
 D = Time resting spent in this place.
 E = Time spent auto-exploring this place.
 F = Levels seen in this place.
 G = Mean time per level.
                   A        B        C        D        E       F      G
               +--------+--------+--------+--------+--------+-----+--------+
         Total |  15174 |  13914 |   1260 |   2373 |   8429 |   9 | 1686.0 |
       Dungeon |  15126 |  13881 |   1245 |   2373 |   8403 |   8 | 1890.8 |
        Temple |     47 |     32 |     15 |      0 |     26 |   1 |   47.0 |
               +--------+--------+--------+--------+--------+-----+--------+

Top non-repeatable levels by time:
     D:6: 3413 daAuts
     D:2: 3086 daAuts
     D:4: 2051 daAuts
     D:5: 2022 daAuts
     D:1: 1918 daAuts
     D:3: 1276 daAuts
     D:7: 1055 daAuts
     D:8: 303 daAuts
  Temple: 47 daAuts
